 Dungeon Crawl Stone Soup version 0.24.0-123-gd5b16e6ec5 (webtiles) character file.

Game seed: 1905707290735997202, levelgen mode: deterministic

661 FishyPogo the Skirmisher (level 7, -1/55 HPs)
             Began as a Demonspawn Chaos Knight on Feb 10, 2020.
             Was a Plaything of Xom.
             Slain by a rust devil (7 damage)
             ... summoned by Xom
             ... on level 4 of the Dungeon.
             The game lasted 00:14:52 (4013 turns).

FishyPogo the Skirmisher (Demonspawn Chaos Knight)  Turns: 4013, Time: 00:14:54

Health: -1/55      AC: -5    Str: 13 (14) XL:     7   Next: 30%
Magic:  7/7        EV: 16    Int: 18      God:    Xom [......]
Gold:   137        SH: 10    Dex: 20 (22) Spells: 6/6 levels left

rFire    . . .     SeeInvis +   a - +0 short sword (chaos)
rCold    . . .     Gourm    .   g - +0 buckler
rNeg     . . .     Faith    .   n - +2 leather armour
rPois    .         Spirit   .   (helmet restricted)
rElec    .         Reflect  +   (no cloak)
rCorr    .         Harm     .   (no gloves)
MR       .....                  u - +0 pair of boots
Stlth    ++++++....             z - +5 amulet of reflection
HPRegen  0.18/turn              q - ring of see invisible
MPRegen  0.10/turn              t - ring of stealth

@: brilliant, agile, corroded, flying, hasted, very quick
A: horns 2, thin skeletal structure 1, agile 1, deterioration 1, nightstalker 1,
evolution 1
a: Renounce Religion


You were on level 4 of the Dungeon.
You worshipped Xom.
You were a very special plaything of Xom.
You were very hungry.

You visited 1 branch of the dungeon, and saw 5 of its levels.

You collected 137 gold pieces.

Inventory:

Hand Weapons
 a - a +0 short sword of chaos (weapon)
 b - a +3 hunting sling of freezing
Missiles
 e - 19 sling bullets
 h - 164 stones
 p - 53 poisoned darts (quivered)
 s - 30 boomerangs
Armour
 g - a +0 buckler (worn)
 n - a +2 leather armour (worn)
 u - a +0 pair of boots (worn)
Jewellery
 m - a +3 ring of protection
 q - a ring of see invisible (left hand)
 t - a ring of stealth (right hand)
 z - a +5 amulet of reflection (around neck)
Wands
 y - a wand of iceblast (20)
Scrolls
 d - a scroll of identify
 f - a scroll of amnesia
 v - 2 scrolls of fog
Potions
 l - a potion of haste
 o - 2 potions of flight
Comestibles
 c - 7 rations


   Skills:
 + Level 4.4 Fighting
 + Level 3.8 Short Blades
 - Level 3.0 Slings
 - Level 3.0 Armour
 - Level 1.0 Dodging
 * Level 3.9 Stealth
 + Level 1.9 Shields


You had 6 spell levels left.
You didn't know any spells.
Your spell library was empty.

Dungeon Overview and Level Annotations

Branches:
Dungeon (5/15)
 Temple: D:4-7

Altars:
Fedhas
Kikubaaqudgha
The Shining One

Shops:
D:4 %

Annotations:
D:4 Blork the orc, Dowan, Duvessa
D:5 Pikel


Innate Abilities, Weirdness & Mutations

You have a pair of horns on your head.
You have a somewhat thin skeletal structure. (Dex +2, Stealth)
You are slightly more attuned to the shadows.
You are agile. (Dex +2)
Your body sometimes deteriorates upon taking damage.
You evolve.


Message History

Xom roars with laughter!
The ice devil hits you!
Your body deteriorates!
You feel clumsy. The ice devil freezes you! You block the rust devil's attack.
You hit the rust devil but do no damage.
You barely miss the rust devil. The ice devil hits you.
The ice devil freezes you!
* * * LOW HITPOINT WARNING * * *
The rust devil barely misses you.
Unknown command.
It was a potion of brilliance.
You feel clever all of a sudden.
You feel better. The ice devil hits you!
* * * LOW HITPOINT WARNING * * *
Your body deteriorates!
You feel weakened. The ice devil freezes you!
* * * LOW HITPOINT WARNING * * *
The rust devil hits you!
You die...
Xom yawns loudly!

....#...#....###.#.#
....#........# #.#.#
.#.##.#.#....# #.#.#
#...#........# #.#.#
....#.....##.# #.#.#
#.........##.# #.#.#
###........#.# #5#.#
.......###.#.# #4#.#
#...##.# #.#.# #@#.#
....##.# #.#.# #4#.#
#...##.# #.#.###.#.#
....##.# #.#.....#.#
.......# #.#.#####.#
.......# #.### #.#
.......# #.# #.#
.......# #.# #.#
.).....# #.# #.#


You could see an ice devil, a rust devil and an ufetubus.

Vanquished Creatures
  Grinder (D:4)
  A slave (D:4)
  A scorpion (D:4)
  A howler monkey (D:5)
  A vampire bat (D:4)
  3 crimson imps
  2 orc wizards (D:4)
  A centaur skeleton (D:4)
  6 adders
  An ooze (D:2)
  2 worms
  2 dart slugs (D:2)
  3 leopard geckos
  8 orcs
  7 bats
  2 bat skeletons (D:4)
  3 bat zombies (D:4)
  A giant cockroach (D:5)
  6 goblins
  6 hobgoblins
  8 jackals
  A quokka (D:3)
  3 kobolds
  8 rats
  A bush (D:3)
79 creatures vanquished.

Vanquished Creatures (collateral kills)
  2 bushes (D:3)
2 creatures vanquished.

Grand Total: 81 creatures vanquished

Notes
Turn   | Place    | Note
-------+----------+-------------------------------------------
     0 | D:1      | FishyPogo the Demonspawn Chaos Knight began the quest for
                  | the Orb.
     0 | D:1      | Reached XP level 1. HP: 18/18 MP: 1/1
    43 | D:1      | XOM: potion effect (agility)
    44 | D:1      | XOM: silly message
    60 | D:1      | Reached skill level 1 in Dodging
   125 | D:1      | XOM: noise
   130 | D:1      | Gained mutation: You have a somewhat thin skeletal
                  | structure. (Dex +2, Stealth) [demonic ancestry]
   130 | D:1      | Reached XP level 2. HP: 23/24 MP: 2/2
   441 | D:2      | Reached XP level 3. HP: 24/29 MP: 3/3
   554 | D:2      | Reached skill level 1 in Stealth
   646 | D:2      | XOM: mild Necr miscast
   740 | D:2      | XOM: summons 2 hostile shadow creatures
   759 | D:2      | XOM: smoke on damage
  1206 | D:2      | Reached skill level 1 in Slings
  1206 | D:2      | Gained mutation: You are slightly more attuned to the
                  | shadows. [demonic ancestry]
  1206 | D:2      | Reached XP level 4. HP: 25/35 MP: 4/4
  1225 | D:2      | XOM: summons 1 hostile demon
  1426 | D:2      | XOM: give mutation
  1426 | D:2      | Gained mutation: Scrolls take you a little longer to read.
                  | [Xom's mischief]
  1748 | D:3      | Found a blossoming altar of Fedhas.
  1880 | D:3      | XOM: torment (19/36 hp)
  1989 | D:3      | You fall into a shaft and drop 2 floors!
  1989 | D:5      | Entered Level 5 of the Dungeon
  2028 | D:5      | XOM: give mutations
  2028 | D:5      | Gained mutation: Armour fits poorly on your strangely
                  | shaped body. [Xom's mischief]
  2028 | D:5      | Gained mutation: Your body sometimes deteriorates upon
                  | taking damage. [Xom's mischief]
  2038 | D:5      | Noticed a slave
  2094 | D:5      | XOM: give mutations
  2094 | D:5      | Gained mutation: Your body often deteriorates upon taking
                  | damage. [Xom's mischief]
  2094 | D:5      | Gained mutation: You are frail. (-10% HP) [Xom's mischief]
  2094 | D:5      | Lost mutation: Armour fits poorly on your strangely shaped
                  | body. [Xom's mischief]
  2130 | D:5      | Reached XP level 5. HP: 30/37 MP: 5/5
  2156 | D:5      | XOM: smoke on damage
  2165 | D:5      | XOM: harmless Air miscast
  2215 | D:5      | Noticed a slave
  2219 | D:5      | Noticed Pikel
  2222 | D:4      | XOM: swap monsters
  2227 | D:4      | Killed a slave
  2230 | D:4      | Noticed Dowan
  2257 | D:4      | Noticed Grinder
  2268 | D:4      | XOM: noise
  2279 | D:4      | Killed Grinder
  2279 | D:4      | Reached skill level 4 in Fighting
  2279 | D:4      | Reached skill level 1 in Shields
  2279 | D:4      | Gained mutation: You have a pair of small horns on your
                  | head. [demonic ancestry]
  2279 | D:4      | Reached XP level 6. HP: 19/43 MP: 6/6
  2280 | D:4      | XOM: medium Erth miscast
  2296 | D:4      | XOM: mild Erth miscast
  2316 | D:4      | Found Pysh's Food Boutique.
  2316 | D:4      | XOM: 2-stop teleportation journey
  2405 | D:4      | XOM: harmless Pois miscast
  2516 | D:4      | Noticed Blork the orc
  2516 | D:4      | Noticed Duvessa
  2687 | D:3      | Found a glowing golden altar of the Shining One.
  2729 | D:3      | XOM: medium Necr miscast
  2730 | D:3      | Noticed a shadow
  2730 | D:3      | Noticed a shadow
  2916 | D:3      | XOM: harmless Tmut miscast
  3052 | D:3      | XOM: give mutation
  3391 | D:4      | Found an ancient bone altar of Kikubaaqudgha.
  3452 | D:4      | Gained mutation: You have a pair of horns on your head.
                  | [demonic ancestry]
  3452 | D:4      | Reached XP level 7. HP: 48/48 MP: 7/7
  3515 | D:4      | XOM: harmless Pois miscast
  3519 | D:4      | XOM: enchant monster (bad)
  3585 | D:4      | XOM: give mutations
  3585 | D:4      | Lost mutation: Your body often deteriorates upon taking
                  | damage. [Xom's mischief]
  3585 | D:4      | Lost mutation: You are frail. (-10% HP) [Xom's mischief]
  4004 | D:4      | XOM: summons 3 hostile demons
  4005 | D:4      | Noticed an ice devil
  4005 | D:4      | Noticed a rust devil
  4006 | D:4      | Lost mutation: Scrolls take you a little longer to read.
                  | [potion of mutation]
  4006 | D:4      | Gained mutation: You are agile. (Dex +2) [potion of
                  | mutation]
  4006 | D:4      | Gained mutation: You evolve. [potion of mutation]
  4013 | D:4      | Slain by a rust devil

Levels and vault maps discovered:
D:1:      sevenhm_arrival_forest_fort_small_6, layout_rooms
D:2:      layout_loops_ring
D:3:      layout_loops_ring, nicolae_overflow_crystal_walls, first_ration,
          serial_forest, infiniplex_forest_end_2,
          infiniplex_forest_clump_curved, infiniplex_forest_lined_corner,
          infiniplex_forest_straight_1, tso_altar
D:4:      kennysheep_big_flooded_room, layout_basic, kennysheep_vampire_church,
          serial_shops, shop, hangedman_decor_lopped, minmay_crossroads,
          uniq_duvessa, uniq_grinder, uniq_blork_the_orc
D:5:      layout_gridville, uniq_pikel

Skill      XL: |  1  2  3  4  5  6  7 |
---------------+----------------------+-----
Dodging        | 1 |  1.0
Armour         | 2 3 |  3.0
Short Blades   | 3 |  3.8
Stealth        | 1 2 3 |  3.9
Slings         | 1 2 3 |  3.0
Fighting       | 4 |  4.4
Shields        | 1 |  1.9

Action                   |  1- 3 |  4- 6 |  7- 9 || total
-------------------------+-------+-------+-------++-------
Melee: Short sword       |   100 |   199 |    26 ||   325
       Headbutt          |       |    41 |     5 ||    46
 Fire: Hunting sling     |    32 |    60 |     9 ||   101
Throw: Stone             |       |     6 |       ||     6
  Use: Scroll            |       |     7 |       ||     7
       Potion            |       |     1 |     7 ||     8
 Stab: Sleeping          |     2 |     5 |       ||     7
       Confused          |       |     2 |       ||     2
       Paralysed         |       |     1 |       ||     1
  Eat: Chunk             |     1 |     6 |     2 ||     9
Armor: Leather armour    |    26 |    44 |     4 ||    74
Dodge: Dodged            |    80 |    48 |    10 ||   138
Block: Buckler           |       |     5 |    12 ||    17
